 Dungeon Crawl Stone Soup version 0.20.1-1-g8b1a95d (webtiles) character file.

2718 gobwax the Carver (level 9, -3/65 HPs)
             Began as a Formicid Fighter on Sept 8, 2017.
             Was a Believer of Okawaru.
             Slain by an orc warrior
             ... wielding a +0 scimitar
              (18 damage)
             ... on level 8 of the Dungeon.
             The game lasted 00:10:45 (6746 turns).

gobwax the Carver (Formicid Fighter)                Turns: 6746, Time: 00:10:45

Health: -3/65      AC: 15    Str: 29    XL:     9   Next: 98%
Magic:  0/9        EV:  7    Int:  8    God:    Okawaru [**....]
Gold:   368        SH:  4    Dex: 10    Spells: 8/8 levels left

rFire    . . .     SeeInvis +   A - +2 long sword (slice)
rCold    . . .     Gourm    .   g - +0 buckler (curse)
rNeg     + . .     Faith    .   t - +0 plate armour
rPois    .         Spirit   +   (helmet unavailable)
rElec    .         Reflect  .   j - scarf {Spirit}
rCorr    .         Harm     .   u - +2 pair of gloves
MR       .....                  (no boots)
Stlth    ..........             (no amulet)
Regen    0.2/turn               y - ring of positive energy
MPRegen  0.2/turn               (no ring)

@: mighty
A: permanent stasis, dig shafts and tunnels, four strong arms, antennae 3
a: Dig, Shaft Self, Heroism, Renounce Religion


You were on level 8 of the Dungeon.
You worshipped Okawaru.
Okawaru was pleased with you.
You were not hungry.

You visited 2 branches of the dungeon, and saw 9 of its levels.

You collected 368 gold pieces.

Inventory:

Hand Weapons
 a - a +0 long sword
 A - a +2 long sword of slicing (weapon)
Armour
 b - a +0 scale mail
 c - a +0 shield
 g - a cursed +0 buckler (worn)
 j - a scarf of spirit shield (worn)
 t - a +0 plate armour (worn)
 u - a +2 pair of gloves (worn)
 B - a +0 cloak
Jewellery
 y - a ring of positive energy (left hand)
Wands
 k - a wand of iceblast (2/15)
 p - a wand of iceblast (7/15)
Scrolls
 d - 2 scrolls of remove curse {unknown}
 i - a scroll of immolation {unknown}
 l - 3 scrolls of identify
 m - 6 scrolls of teleportation
 n - a scroll of enchant weapon {unknown}
 o - a scroll of recharging {unknown}
 q - a scroll of fear {unknown}
 s - a scroll of vulnerability {unknown}
 w - a scroll of enchant armour {unknown}
 z - a scroll of amnesia {unknown}
Potions
 e - a potion of flight
 v - 2 potions of invisibility
 x - 2 potions of brilliance {unknown}
 D - a potion of mutation {unknown}
 E - 2 potions of lignification {unknown}
Comestibles
 f - 6 bread rations
 h - 2 royal jellies
 C - 2 meat rations
 F - 2 chunks of flesh


   Skills:
 - Level 4.1 Fighting
 * Level 12.1 Long Blades
 - Level 4.4 Armour
 - Level 0.1 Dodging
 - Level 4.2 Shields
 + Level 0.4 Evocations


You had 8 spell levels left.
You didn't know any spells.

Dungeon Overview and Level Annotations

Branches:
Dungeon (8/15)             Temple (1/1) D:5
   Lair: D:8-11

Altars:
Ashenzari
Cheibriados
Dithmenos
Elyvilon
Gozag
Hepliaklqana
Kikubaaqudgha
Nemelex Xobeh
Okawaru
Sif Muna
Trog
Vehumet
Zin

Shops:
D:4 }


Innate Abilities, Weirdness & Mutations

You cannot be hasted, slowed, berserked, paralysed or teleported.
You can dig through walls and to a lower floor.
Your four strong arms can wield two-handed weapons with a shield.
You have a pair of large antennae on your head. (SInv)


Message History

The orc warrior hits you with a scimitar!
The orc priest barely misses you.
You are too injured to fight recklessly!
You are too injured to fight recklessly!
You are too injured to fight recklessly!
You feel very mighty all of a sudden.
The hound zombie bites you but does no damage.
The orc priest hits you but does no damage.
The orc warrior hits you with a scimitar!
* * * LOW HITPOINT WARNING * * *
You closely miss the orc warrior.
The orc warrior is moderately wounded.
The hound zombie bites you.
* * * LOW HITPOINT WARNING * * *
The hound zombie bites you but does no damage.
You slash the orc warrior!
The orc warrior is severely wounded.
The orc priest hits you but does no damage.
The orc warrior hits you with a scimitar!!
You die...

#...........
##.............
#..............
#..............
##..............
#...............
#....ooZ........
##.....@.........
#........<.......
............###..
................
##############...
.. .


You could see an orc warrior, an orc priest and a hound zombie.

Vanquished Creatures
  Prince Ribbit (D:7)
  Sigmund (D:2)
  The ghost of simples the Poker, an amateur MfGl (D:3)
  A hungry ghost (D:7)
  Menkaure (D:5)
  The ghost of Agrougrou the Insei, an amateur OpTm (D:4)
  2 phantoms
  4 ogres
  2 centaurs
  4 bullfrogs
  A scorpion (D:7)
  2 howler monkeys
  A crimson imp (D:6)
  A bullfrog skeleton (D:4)
  A centaur zombie (D:5)
  2 hounds
  A gnoll shaman (D:7)
  2 orc priests
  An iguana (D:5)
  3 orc wizards (D:4)
  6 worker ants
  A hound skeleton (D:7)
  A worker ant zombie (D:5)
  6 gnolls
  9 adders
  2 shadow imps
  2 oozes
  An adder zombie (D:7)
  9 worms
  2 dart slugs
  6 leopard geckos
  21 orcs
  A ball python (D:3)
  2 bats (D:1)
  5 giant cockroaches
  5 goblins
  13 hobgoblins
  4 jackals (D:6)
  11 kobolds
  6 quokkas
  6 frilled lizards
  A jackal skeleton (D:4)
  A leopard gecko skeleton (D:4)
  A quokka skeleton (D:6)
  7 rats
162 creatures vanquished.

Notes
Turn   | Place    | Note
-------+----------+-------------------------------------------
     0 | D:1      | gobwax the Formicid Fighter began the quest for the Orb.
     0 | D:1      | Reached XP level 1. HP: 18/18 MP: 1/1
   134 | D:1      | Reached XP level 2. HP: 21/24 MP: 2/2
   474 | D:1      | Reached XP level 3. HP: 30/30 MP: 3/3
  1019 | D:2      | Noticed Sigmund
  1026 | D:2      | Killed Sigmund
  1026 | D:2      | Reached skill level 4 in Long Blades
  1026 | D:2      | Reached XP level 4. HP: 25/37 MP: 2/4
  1026 | D:2      | Reached XP level 5. HP: 29/42 MP: 2/5
  1026 | D:2      | Reached XP level 6. HP: 33/48 MP: 2/6
  1469 | D:2      | Found a faded altar of an unknown god.
  1737 | D:3      | Reached skill level 5 in Long Blades
  1854 | D:3      | Found a shattered altar of Ashenzari.
  1906 | D:3      | Noticed simples's ghost (amateur MfGl)
  1922 | D:3      | You fall through a shaft for 2 floors!
  1922 | D:5      | Entered Level 5 of the Dungeon
  2205 | D:5      | Found a snail-covered altar of Cheibriados.
  2231 | D:5      | Reached XP level 7. HP: 35/54 MP: 4/7
  2341 | D:5      | Reached skill level 6 in Long Blades
  2349 | D:5      | Found a staircase to the Ecumenical Temple.
  2367 | Temple   | Entered the Ecumenical Temple
  2428 | Temple   | Became a worshipper of Warmaster Okawaru
  2506 | D:5      | Found a deep blue altar of Sif Muna.
  2556 | D:4      | Noticed Agrougrou's ghost (amateur OpTm)
  2570 | D:4      | Killed Agrougrou's ghost
  2633 | D:4      | Reached skill level 7 in Long Blades
  3007 | D:4      | Reached XP level 8. HP: 55/60 MP: 6/8
  3054 | D:4      | Reached * piety under Okawaru
  3276 | D:3      | Reached skill level 8 in Long Blades
  3730 | D:3      | Killed simples's ghost
  3950 | D:3      | Found a glowing silver altar of Zin.
  4260 | D:4      | Found Tulof's Gadget Shop.
  4303 | D:4      | Reached skill level 9 in Long Blades
  4828 | D:5      | Noticed Menkaure
  4834 | D:5      | Killed Menkaure
  4834 | D:5      | Reached ** piety under Okawaru
  4861 | D:5      | Reached XP level 9. HP: 43/65 MP: 6/9
  4873 | D:5      | Reached skill level 10 in Long Blades
  5883 | D:6      | Found an ancient bone altar of Kikubaaqudgha.
  5883 | D:6      | Found a shadowy altar of Dithmenos.
  5890 | D:6      | Found a bloodstained altar of Trog.
  5892 | D:6      | Found a white marble altar of Elyvilon.
  5893 | D:6      | Found a faded altar of an unknown god.
  6008 | D:7      | Reached skill level 11 in Long Blades
  6028 | D:7      | Noticed Prince Ribbit
  6051 | D:7      | Killed Prince Ribbit
  6391 | D:7      | Found a hazy altar of Hepliaklqana.
  6568 | D:7      | Reached skill level 12 in Long Blades
  6605 | D:7      | Found a flagged portal.
  6746 | D:8      | Slain by an orc warrior

Skill      XL: |  1  2  3  4  5  6  7  8  9 |
---------------+----------------------------+-----
Fighting       | 4 |  4.1
Long Blades    | 4 5 7 9 12 | 12.1
Armour         | 4 |  4.4
Shields        | 4 |  4.2
Dodging        | |  0.1
Evocations     | |  0.4

Action                   |  1- 3 |  4- 6 |  7- 9 || total
-------------------------+-------+-------+-------++-------
Melee: Long sword        |    66 |   120 |   423 ||   609
Invok: Heroism           |       |       |     1 ||     1
 Abil: Shaft Self        |       |     1 |       ||     1
       Dig               |       |       |     5 ||     5
Evoke: Wand              |       |       |     2 ||     2
  Use: Potion            |     2 |       |     9 ||    11
       Scroll            |       |       |     4 ||     4
 Stab: Invisible         |       |       |     3 ||     3
  Eat: Chunk             |       |     4 |    16 ||    20
       Royal jelly       |       |       |     1 ||     1
Armor: Scale mail        |    33 |    49 |     7 ||    89
       Plate armour      |       |       |   160 ||   160
Dodge: Dodged            |    24 |    43 |   106 ||   173
Block: Shield            |    28 |       |       ||    28
       Buckler           |    11 |    24 |    61 ||    96
       Rpst.: Long sword |     9 |    12 |    34 ||    55
